 Dungeon Crawl Stone Soup version 0.29.1-13-g9f3cf754e1 (webtiles) character file.

Game seed: 8938880373051487023

18 DildoBatman the Conjurer (level 2, -2/20 HPs)
             Began as a Formicid Conjurer on Jan 23, 2023.
             Slain by Jessica
             ... wielding a +7 club
              (8 damage)
             ... on level 1 of the Dungeon.
             The game lasted 00:02:03 (945 turns).

DildoBatman the Conjurer (Formicid Conjurer)         Turns: 945, Time: 00:02:03

Health: -2/20      AC:  2    Str: 11    XL:     2   Next: 85%
Magic:  5/5        EV: 12    Int: 17    God:
Gold:   74         SH:  0    Dex: 12    Spells: 2/5 levels left

rFire   . . .      SeeInvis +   a - +0 dagger
rCold   . . .      Faith    .   (no shield)
rNeg    . . .      Spirit   .   f - +0 robe
rPois   .          Reflect  .   (helmet unavailable)
rElec   .          Harm     .   (no cloak)
rCorr   .          Rampage  .   (no gloves)
Will    .....                   (no boots)
Stlth   ++........              (no amulet)
HPRegen 0.06/turn               (no ring)
MPRegen 0.09/turn               (no ring)

@: no status effects
A: permanent stasis, dig shafts and tunnels, antennae 3, four strong arms
a: Dig, Shaft Self


You were on level 1 of the Dungeon.
You visited 1 branch of the dungeon, and saw 2 of its levels.

You collected 74 gold pieces.

Inventory:

Hand Weapons
 a - a +0 dagger (weapon)
 b - a +0 mace
Armour
 f - a +0 robe (worn)
Scrolls
 c - a scroll of vulnerability {unknown}
 e - 2 scrolls of immolation
 g - a scroll of magic mapping {unknown}
 j - a scroll of teleportation {unknown}
Potions
 d - a potion of might {unknown}
 h - a potion of magic
 i - a potion of degeneration {unknown}


   Skills:
 * Level 0.8 Fighting
 * Level 1.0 Armour
 - Level 2.0 Dodging
 - Level 2.4 Stealth
 * Level 2.4 Spellcasting
 * Level 3.7 Conjurations


You had 2 spell levels left.
You knew the following spells:

 Your Spells              Type           Power      Damage    Failure   Level
a - Searing Ray           Conj           28%        2d5       6%          2
c - Magic Dart            Conj           56%        1d5       4%          1

Your spell library contained the following spells:

 Spells                   Type           Power      Damage    Failure   Level
 Dazzling Flash           Conj/Hex       16%        N/A       26%         3
 Fulminant Prism          Conj/Hex       4%         3d6       65%         4
 Iskenderun's Mystic Bla  Conj/Tloc      8%         2d4       65%         4


Dungeon Overview and Level Annotations

Branches:
Dungeon (2/15)

Altars:

Annotations:
D:1 Jessica


Innate Abilities, Weirdness & Mutations

You cannot be hasted, slowed, berserked, paralysed or teleported.
You can dig through walls and to a lower floor.
You have a pair of large antennae on your head. (SInv)
Your four strong arms can wield two-handed weapons with a shield.


Message History

Found an inky potion.
An adder comes into view.
The adder hisses angrily.
Casting: Magic Dart (safe; 4% risk of failure)
Confirm with . or Enter, or press ? or * to list all spells.
Aiming: Searing Ray (safe; 6% risk of failure)
Press: ? - help, Shift-Dir - straight line, f - adder
Aim: an adder (60% to hit)
The searing ray hits the adder.
The adder is moderately wounded. (Press . to maintain the ray.)
The searing ray hits the adder!
You kill the adder!
Training target 2.0 for Dodging reached!
Your Armour skill increases to level 1!
Your Dodging skill increases to level 2!
You start resting.
HP restored.
You start resting.
Magic restored.
i - an inky potion
j - a scroll labelled TILAER WULUPO ECA
Found a stone staircase leading up.
Jessica the Apprentice Sorceress comes into view.
She is wielding a +7 club.
Jessica shouts!
Jessica casts a spell.
Jessica seems to speed up.
A bat comes into view.
The bat moves out of view.
Found a helmet.
A kobold comes into view. It is wielding a +0 dagger.
There is a stone staircase leading up here.
Jessica hits you with a +7 club!
You climb upwards.
There is a stone staircase leading down here.
Jessica hits you with a +7 club. x2
Jessica completely misses you. Jessica attacks as you move away!
Jessica hits you with a +7 club!
You die...

.......'.........'.........#
..#.####.........####...####
.....# ##.......## ##..#
.....# ##.....## ##.# ..##.#
##...## #.# .###.# ##'## #.#
.# #.# #.# #.# .###.#
##.######## #.## .....#
#....>@@.># #..# .#####
##...#####.# ##.#
.#########.....# #.# #.#
..............## #.# #.#
###########..######.####.#
#..............#
#.#######.###### #.#######.#
#.........#


You could see Jessica (fast).

Vanquished Creatures
  An adder (D:2)
  2 giant cockroaches
  A ball python (D:1)
  A frilled lizard (D:2)
  3 kobolds (D:1)
  3 rats
11 creatures vanquished.

Notes
Turn   | Place    | Note
-------+----------+-------------------------------------------
     0 | D:1      | DildoBatman the Formicid Conjurer began the quest for the
                  | Orb.
     0 | D:1      | Reached XP level 1. HP: 13/13 MP: 3/3
   287 | D:1      | Found a faded altar of an unknown god.
   803 | D:2      | Reached XP level 2. HP: 18/20 MP: 5/5
   806 | D:2      | Learned a level 2 spell: Searing Ray
   862 | D:2      | Reached skill level 1 in Armour
   936 | D:2      | Noticed Jessica
   945 | D:1      | Slain by Jessica

Illustrated notes

Levels and vault maps discovered:
D:1:      noname_arrival_rooms_in_the_neighbourhood, layout_loops_corners,
          hellmonk_ecumenical_altar_blasted
D:2:      layout_rooms, uniq_jessica

Skill      XL: |  1  2 |
---------------+-------+-----
Armour         | 1 |  1.0
Dodging        | 2 |  2.0
Fighting       | |  0.8
Stealth        | |  2.4
Spellcasting   | |  2.4
Conjurations   | |  3.7

Action                   || total
-------------------------++-------
Melee: Dagger            ||    16
       Mace              ||     3
 Cast: Magic Dart        ||    12
       Searing Ray       ||     1
Armor: Robe              ||     6
Dodge: Dodged            ||    17
